 Dungeon Crawl Stone Soup version 0.22-a0-558-gc224181 (webtiles) character file.

23 Firecrotchwizard the Chopper (level 2, -2/26 HPs)
             Began as a Minotaur Gladiator on June 26, 2018.
             Slain by an ogre
             ... wielding a +0 giant club
              (28 damage)
             ... on level 2 of the Dungeon.
             The game lasted 00:00:52 (933 turns).

Firecrotchwizard the Chopper (Minotaur Gladiator)    Turns: 933, Time: 00:00:52

Health: -2/26      AC:  3    Str: 18    XL:     2   Next: 72%
Magic:  1/1        EV: 12    Int:  5    God:
Gold:   51         SH:  0    Dex: 11    Spells: 1/1 levels left

rFire    . . .     SeeInvis .   a - +0 war axe
rCold    . . .     Gourm    .   (no shield)
rNeg     . . .     Faith    .   b - +0 leather armour
rPois    .         Spirit   .   c - +0 hat
rElec    .         Reflect  .   (no cloak)
rCorr    .         Harm     .   (no gloves)
MR       .....                  (no boots)
Stlth    +.........             (no amulet)
HPRegen  0.08/turn              (no ring)
MPRegen  0.07/turn              (no ring)

@: no status effects
A: retaliatory headbutt, horns 2
a: no special abilities


You were on level 2 of the Dungeon.
You were not hungry.

You visited 1 branch of the dungeon, and saw 2 of its levels.

You collected 51 gold pieces.

Inventory:

Hand Weapons
 a - a +0 war axe (weapon)
Missiles
 d - 3 throwing nets {=f, !d}
Armour
 b - a +0 leather armour (worn)
 c - a +0 hat (worn)
Jewellery
 j - a cursed ring of loudness {unknown}
   (You found it on level 1 of the Dungeon)
 l - a +3 ring of dexterity {unknown}
   (You found it on level 1 of the Dungeon)
Scrolls
 e - 2 scrolls of remove curse {unknown}
 h - 2 scrolls of immolation {unknown}
 k - a scroll of blinking {unknown}
 m - a scroll of teleportation {unknown}
 n - a scroll of identify {unknown}
 o - a scroll of enchant weapon {unknown}
 p - a scroll of random uselessness {unknown}
Potions
 i - 3 potions of curing {unknown}
Comestibles
 f - a ration {@e1}
 g - a chunk of flesh {@w0}


   Skills:
 + Level 3.0 Fighting
 * Level 4.5 Axes
 - Level 2.0 Throwing
 - Level 3.2 Dodging


You had one spell level left.
You didn't know any spells.
Your spell library was empty.

Dungeon Overview and Level Annotations

Branches:
Dungeon (2/15)

Altars:


Innate Abilities, Weirdness & Mutations

You reflexively headbutt those who attack you in melee.
You have a pair of horns on your head.


Message History

You butcher the jackal corpse.
g - 5 chunks of flesh {@w0} (gained 2)
A leopard gecko comes into view.
A leopard gecko is nearby!
A leopard gecko is nearby!
The leopard gecko hisses angrily.
The leopard gecko bites you. x2
You take 4 damage, and have 19/25 hp.
You barely miss the leopard gecko. The leopard gecko misses you.
You closely miss the leopard gecko. The leopard gecko bites you.
The leopard gecko closely misses you. You furiously retaliate!
You headbutt the leopard gecko!
You kill the leopard gecko!
You take 3 damage, and have 16/25 hp.
You are too injured to fight recklessly!
You are too injured to fight recklessly!
You start resting.
Some of the chunks of flesh in your inventory have rotted away.
Health restored: 25 You butcher the leopard gecko corpse.
g - 6 chunks of flesh {@w0} (gained 2)
e - 2 scrolls labeled KARREIFROF (gained 1)
Found an escape hatch in the floor.
You now have 38 gold pieces (gained 5).
n - a scroll labeled VEEQEE RODGH A frilled lizard comes into view.
The frilled lizard hisses angrily.
You see here 25 stones.
You slash the frilled lizard!
You kill the frilled lizard!
Your Fighting skill increases to level 3!
Health restored: 26 No target in view!
You butcher the frilled lizard corpse.
g - 7 chunks of flesh {@w0} (gained 1)
You see here a frilled lizard skeleton. x2
Some of the chunks of flesh in your inventory have rotted away.
o - a scroll labeled OSYHOO PAPALO Some of the chunks of flesh in your inventory have rotted away.
Some of the chunks of flesh in your inventory have rotted away.
You see here a stone.
There is an escape hatch in the ceiling here.
A goblin comes into view.
A goblin is nearby!
The goblin shouts!
You hit the goblin.
You kill the goblin!
No target in view!
A rat comes into view.
A rat is nearby!
You hit the rat but do no damage. The rat completely misses you.
You hit the rat. The rat bites you but does no damage.
You hit the rat.
You kill the rat!
No target in view!
h - 2 scrolls labeled PIOTEFEACHUQ (gained 1)
A goblin comes into view. It is wielding a club.
The goblin shouts!
The goblin unwields an uncursed club.
The goblin wields a hunting sling.
The goblin shoots a stone.
The stone hits you.
Found a faded altar of an unknown god.
You see here a stone.
You take 1 damage, and have 25/26 hp.
A goblin is nearby!
Found 21 bolts.
Found a stone staircase leading up.
The goblin shoots a stone.
The stone closely misses you.
The goblin shoots a stone.
The stone barely misses you.
The goblin shoots a stone.
The stone closely misses you.
The goblin shoots a stone.
The stone barely misses you. The goblin closely misses you.
You hit the goblin.
You kill the goblin!
Health restored: 26 No target in view!
Things that are here:
a hunting sling; an uncursed club; 9 stones You now have 51 gold pieces (gained 13).
A frilled lizard comes into view.
A frilled lizard is nearby!
A frilled lizard is nearby!
A frilled lizard is nearby!
The frilled lizard hisses angrily.
The frilled lizard bites you.
You see here 21 bolts.
You take 2 damage, and have 24/26 hp.
You hit the frilled lizard.
You kill the frilled lizard!
No target in view!
p - a scroll labeled ICZAZU VETEQ
i - 3 smoky inky potions (gained 2)
You see here a scale mail.
An ogre comes into view. It is wielding a giant club.
The ogre shouts!
An ogre is nearby!
Health restored: 26 The ogre barely misses you.
You furiously retaliate!
You headbutt the ogre. You slash the ogre! The ogre barely misses you.
You hit the ogre but do no damage. The ogre hits you with a giant club!!
Ouch! That really hurt!
You die...

#..#...........#
#.#..........
#..####.#####..#
#.##.#.###### .. ...#
###..###### #.......# .. #
.# #.......... #..#..###
######.#######.####..#####
............:.............#
##.####.#.###.#.####...##.#
#....# #...##.# #...@#
#...##.. #...O# # #...###.
#..... ..####...# #.
#.#.... .........####
#.###................ #.
.......#....####
.#.............#
.#####.#....#...
#.#....#..#


You could see an ogre.

Vanquished Creatures
  A dart slug (D:2)
  A leopard gecko (D:2)
  4 goblins
  A hobgoblin (D:1)
  2 jackals (D:2)
  A bat (D:1)
  5 frilled lizards
  2 kobolds (D:1)
  3 rats
20 creatures vanquished.

Notes
Turn   | Place    | Note
-------+----------+-------------------------------------------
     0 | D:1      | Firecrotchwizard the Minotaur Gladiator began the quest for the Orb.
     0 | D:1      | Reached XP level 1. HP: 18/18 MP: 0/0
   309 | D:1      | Reached skill level 4 in Axes
   400 | D:1      | Reached XP level 2. HP: 25/25 MP: 1/1
   751 | D:2      | Reached skill level 3 in Fighting
   885 | D:2      | Found a faded altar of an unknown god.
   928 | D:2      | Noticed an ogre
   933 | D:2      | Slain by an ogre

Vault maps used:
D:1:      doesnt_arrival_eight_statues
D:2:      chequers_ecumenical_altar_simple

Skill      XL: |  1  2 |
---------------+-------+-----
Axes           | 4 |  4.5
Fighting       | 3 |  3.0
Throwing       | |  2.0
Dodging        | |  3.2

Action                   || total
-------------------------++-------
Melee: War axe           ||    30
       Headbutt          ||     1
Armor: Leather armour    ||    12
Dodge: Dodged            ||    30

Table legend:
 A = Spawn XP
 B = Non-spawn XP
 C = Spawn XP percentage of total XP
 D = Spawn monster count
 E = Non-spawn monster count
 F = Spawn count percentage of total count
 G = Total turns spent on level
                    A         B        C        D         E        F      G
               +---------+---------+-------+---------+---------+-------+---------
         Total |       0 |      33 |   0.0 |       0 |      20 |   0.0 |   933
               +---------+---------+-------+---------+---------+-------+---------
           D:1 |       0 |      13 |   0.0 |       0 |      10 |   0.0 |   536
           D:2 |       0 |      20 |   0.0 |       0 |      10 |   0.0 |   397
               +---------+---------+-------+---------+---------+-------+---------

Vault maps used:
D:1:      doesnt_arrival_eight_statues
D:2:      chequers_ecumenical_altar_simple

Table legend:
 A = Turns spent in this place as a percentage of turns spent in the entire game.
 B = Non-inter-level travel turns spent in this place as a percentage of non-inter-level travel turns spent in the entire game.
 C = Inter-level travel turns spent in this place as a percentage of turns spent in this place.
 D = Turns resting spent in this place as a percentage of non-inter-level travel turns spent in this place.
 E = Turns spent auto-exploring this place as a percentage of non-inter-level travel turns spent in this place.
 F = Non-inter-level travel turns spent in this place divided by the number of levels of this place that you've seen.
                   A       B       C       D       E      F
               +-------+-------+-------+-------+-------+----------------------
         Total | 100.0 | 100.0 |   7.1 |  11.6 |  74.6 | 433.5
       Dungeon | 100.0 | 100.0 |   7.1 |  11.6 |  74.6 | 433.5
               +-------+-------+-------+-------+-------+----------------------

Table legend:
 A = Kills in this place as a percentage of kills in entire the game.
 B = Kills by you in this place as a percentage of kills by you in the entire game.
 C = Kills by friends in this place as a percentage of kills by friends in the entire game.
 D = Other kills in this place as a percentage of other kills in the entire game.
 E = Experience gained in this place as a percentage of experience gained in the entire game.
 F = Experience gained in this place divided by the number of levels of this place that you have seen.
                   A       B       C       D       E      F
               +-------+-------+-------+-------+-------+----------------------
         Total | 100.0 | 100.0 |   N/A |   N/A | 100.0 |  16.5
       Dungeon | 100.0 | 100.0 |   N/A |   N/A | 100.0 |  16.5
               +-------+-------+-------+-------+-------+----------------------
